 Dungeon Crawl Stone Soup version 0.28-a0-1167-g616b1c6417 (webtiles) character file.

Game seed: 948127928639305738

3968 Fortus the Cleaver (level 10, -5/86 HPs)
             Began as a Minotaur Fighter on Dec 16, 2021.
             Was an Initiate of the Shining One.
             Slain by an efreet (9 damage)
             ... on level 8 of the Dungeon.
             The game lasted 00:12:17 (8994 turns).

Fortus the Cleaver (Minotaur Fighter)               Turns: 8994, Time: 00:12:18

Health: -5/86      AC: 12    Str: 29    XL:     10   Next: 2%
Magic:  0/9        EV:  8    Int:  7    God:    the Shining One [......]
Gold:   325        SH:  4    Dex: 10    Spells: 9/9 levels left

rFire   . . .      SeeInvis +   a - +0 war axe
rCold   . . .      Faith    .   c - +0 buckler
rNeg    . . .      Spirit   +   y - +0 chain mail
rPois   .          Reflect  .   (helmet restricted)
rElec   .          Harm     .   p - +0 cloak
rCorr   .          Rampage  .   (no gloves)
Will    .....                   (no boots)
Stlth   ..........              o - amulet of guardian spirit
HPRegen 0.24/turn               l - +6 ring of strength
MPRegen 0.11/turn               s - ring of see invisible

@: glowing
A: horns 2, retaliatory headbutt
a: Renounce Religion


You were on level 8 of the Dungeon.
You worshipped the Shining One.
The Shining One was noncommittal.
You visited 2 branches of the dungeon, and saw 9 of its levels.

You collected 325 gold pieces.

Inventory:

Hand Weapons
 a - a +0 war axe (weapon)
Armour
 b - a +0 scale mail
 c - a +0 buckler (worn)
 p - a +0 cloak (worn)
 y - a +0 chain mail (worn)
Jewellery
 l - a +6 ring of strength (left hand)
 o - an amulet of guardian spirit (around neck)
 s - a ring of see invisible (right hand)
Wands
 m - a wand of mindburst (9)
 t - a wand of flame (20)
 w - a wand of paralysis (7)
Scrolls
 e - a scroll of torment {unknown}
 f - a scroll of blinking
 n - 6 scrolls of identify {unknown}
 q - a scroll of noise {unknown}
 r - a scroll of amnesia {unknown}
 u - a scroll of magic mapping {unknown}
 v - a scroll of summoning {unknown}
 z - a scroll of teleportation {unknown}
 A - a scroll of vulnerability {unknown}
Potions
 d - 2 potions of might
 g - 3 potions of invisibility {unknown}
 h - a potion of mutation {unknown}
 i - a potion of degeneration {unknown}
 j - 2 potions of flight {unknown}
 k - 3 potions of lignification {unknown}
 x - 2 potions of haste {unknown}


   Skills:
 + Level 7.3 Fighting
 * Level 14.6 Axes
 + Level 7.3 Armour
 - Level 4.0 Shields
 + Level 0.0 Invocations


You had 9 spell levels left.
You didn't know any spells.
Your spell library contained the following spells:

 Spells                   Type           Power      Damage    Failure   Level
 Magic Dart               Conj           0%         1d3       91%         1
 Call Imp                 Summ           0%         N/A       97%         2
 Corpse Rot               Necr/Air       0%         N/A       97%         2
 Poisonous Vapours        Pois/Air       0%         N/A       97%         2
 Conjure Flame            Conj/Fire      0%         6-21      99%         3
 Ignite Poison            Fire/Tmut/Pois 0%         N/A       99%         3
 Mephitic Cloud           Conj/Pois/Air  0%         N/A       99%         3
 Ozocubu's Armour         Ice            0%         N/A       99%         3
 Stone Arrow              Conj/Erth      0%         3d7       99%         3
 Animate Armour           Summ/Erth      0%         N/A       100%        4
 Hailstorm                Conj/Ice       0%         3d3       100%        4
 Ice Form                 Ice/Tmut       0%         N/A       100%        4
 Sticky Flame             Conj/Fire      0%         2d3       100%        4
 Simulacrum               Ice/Necr       0%         N/A       100%        6
 Ozocubu's Refrigeration  Ice            0%         4d5       100%        7
 Lehudib's Crystal Spear  Conj/Erth      0%         10d2      100%        8


Dungeon Overview and Level Annotations

Branches:
Dungeon (8/15)             Temple (1/1) D:7
   Lair: D:8-11

Altars:
Ashenzari
Cheibriados
Dithmenos
Elyvilon
Fedhas
Gozag
Hepliaklqana
Kikubaaqudgha
Makhleb
Nemelex Xobeh
Okawaru
Qazlal
Ru
Sif Muna
Trog
Uskayaw
Vehumet
Wu Jian
Xom
Yredelemnul
Zin
The Shining One


Innate Abilities, Weirdness & Mutations

You have a pair of horns on your head.
You reflexively headbutt those who attack you in melee.


Message History

Done exploring.
Done exploring.
There is a staircase back to the Dungeon here.
You climb upwards.
Welcome back to the Dungeon!
There is a staircase to the Ecumenical Temple here.
There's nothing to open nearby.
Done exploring.
Done exploring.
Done exploring.
You enter the shallow water.
Moving in this stuff is going to be slow.
There is a stone staircase leading down here.
You climb downwards.
Found 10 gold pieces.
Found a stone staircase leading down.
There is a stone staircase leading up here.
Found 24 arrows.
Found a stone staircase leading up.
You now have 325 gold pieces (gained 10).
You see here 24 arrows.
e - a scroll labelled YNOACU BORYXT An efreet comes into view.
It is wielding a +1 scimitar of flaming.
An efreet is nearby!
An efreet is nearby!
The efreet gestures at you. The bolt of fire hits you!
Okay, then.
The efreet gestures at you.
The fireball explodes!
The fireball engulfs you!!
You hear a shout!
The efreet gestures at you. The bolt of fire hits you!!
You are too injured to fight recklessly!
You are too injured to fight recklessly!
You are too injured to fight recklessly!
The efreet gestures at you.
The fireball explodes!
The fireball engulfs you!!
* * * LOW HITPOINT WARNING * * *
The efreet hits you with a +1 scimitar of flaming!!
* * * LOW HITPOINT WARNING * * *
The efreet burns you!
You die...

###.# #.#
#...# #.#
#.### #..
##.# ##.
#..# #.##
#.#
##.#######
#.@......#
#.R#.####.#
#.. .# ###
.# ##


You could see an efreet.

Vanquished Creatures
  A kobold demonologist (D:7)
  A troll (D:7)
  Eustachio (D:5)
  4 yaks (D:6)
  A steam dragon (D:6)
  2 hornet zombies (D:7)
  2 orc warriors
  2 sky beasts (D:7)
  4 ogres
  A phantom (D:5)
  3 kobold brigands
  A water moccasin zombie (D:5)
  2 scorpions
  3 killer bees (D:7)
  A howler monkey (D:5)
  2 bullfrog zombies (D:5)
  2 hounds (D:5)
  Crazy Yiuf (D:2)
  2 bullfrog skeletons
  3 orc priests
  A centaur skeleton (D:6)
  2 gnoll shamans (D:6)
  Jessica (D:2)
  6 iguanas
  5 orc wizards
  Natasha (thrice) (D:4)
  A killer bee zombie (D:5)
  A mummy (D:7)
  10 gnolls
  A howler monkey zombie (D:5)
  10 adders
  A worm (D:2)
  4 dart slugs
  18 orcs
  3 ball pythons (D:4)
  13 endoplasms
  2 giant cockroaches (D:3)
  9 goblins
  8 hobgoblins
  7 jackals (D:1)
  20 kobolds
  4 quokkas
  5 bats
  15 frilled lizards
  3 kobold zombies (D:7)
  An orc zombie (D:7)
  5 rats
198 creatures vanquished.

Notes
Turn   | Place    | Note
-------+----------+-------------------------------------------
     0 | D:1      | Fortus the Minotaur Fighter began the quest for the Orb.
     0 | D:1      | Reached XP level 1. HP: 19/19 MP: 0/0
    67 | D:1      | Reached skill level 3 in Axes
    70 | D:1      | Reached XP level 2. HP: 25/26 MP: 1/1
    95 | D:1      | Reached skill level 4 in Axes
   248 | D:1      | Reached XP level 3. HP: 26/31 MP: 2/2
  1153 | D:2      | Reached skill level 5 in Axes
  1206 | D:2      | Reached XP level 4. HP: 39/39 MP: 3/3
  1428 | D:2      | Found a faded altar of an unknown god.
  1495 | D:2      | Noticed Jessica
  1501 | D:2      | Killed Jessica
  1663 | D:2      | Found a runed translucent door.
  1664 | D:2      | Noticed Crazy Yiuf
  1699 | D:2      | Reached skill level 6 in Axes
  1909 | D:2      | Reached XP level 5. HP: 44/45 MP: 4/4
  2021 | D:2      | Killed Crazy Yiuf
  2939 | D:4      | Reached skill level 7 in Axes
  2939 | D:4      | Reached XP level 6. HP: 33/51 MP: 5/5
  3155 | D:4      | Noticed Natasha
  3165 | D:4      | Killed Natasha
  3343 | D:4      | Reached skill level 8 in Axes
  3602 | D:4      | Noticed Natasha
  3606 | D:4      | Killed Natasha
  3607 | D:4      | Reached skill level 9 in Axes
  3656 | D:4      | Noticed Natasha
  3663 | D:4      | Killed Natasha
  3664 | D:4      | Reached XP level 7. HP: 46/57 MP: 4/6
  3885 | D:5      | Entered Level 5 of the Dungeon
  4003 | D:5      | Found a basalt altar of Yredelemnul.
  4012 | D:5      | Reached skill level 10 in Axes
  4030 | D:5      | Noticed Eustachio
  4447 | D:5      | Killed Eustachio
  4448 | D:5      | Reached skill level 11 in Axes
  4625 | D:5      | Reached XP level 8. HP: 64/64 MP: 7/7
  5604 | D:6      | Reached skill level 12 in Axes
  6190 | D:6      | Reached skill level 5 in Fighting
  6190 | D:6      | Reached skill level 5 in Armour
  6335 | D:6      | Reached skill level 13 in Axes
  6335 | D:6      | Reached XP level 9. HP: 58/74 MP: 8/8
  6986 | D:7      | Noticed a kobold demonologist
  7374 | D:7      | Killed a kobold demonologist
  7375 | D:7      | Reached skill level 14 in Axes
  7979 | D:7      | Noticed a troll
  7985 | D:7      | Killed a troll
  7986 | D:7      | Reached XP level 10. HP: 84/86 MP: 7/9
  8210 | D:7      | Found a staircase to the Ecumenical Temple.
  8648 | Temple   | Entered the Ecumenical Temple
  8902 | Temple   | Became a worshipper of the Shining One
  8994 | D:8      | HP: 4/86 [efreet (17)]
  8994 | D:8      | Slain by an efreet

Illustrated notes

Levels and vault maps discovered:
D:1:      onia_arrival_handbag, layout_rooms, minmay_lizard_pond
D:2:      layout_loops_cross, dreamdust_ecumenical_altar_angels_and_demons,
          minmay_three_crescents, uniq_crazy_yiuf_cottage, uniq_jessica
D:3:      layout_rooms, hex_tiny
D:4:      layout_rooms, uniq_natasha
D:5:      layout_basic, nicolae_yredelemnul_corpse_copse, water_boxes_lemuel,
          uniq_eustachio
D:6:      layout_cave_pools
D:7:      layout_layer_cave, minmay_temple_entry_mist, grunt_ministairs_4,
          minmay_mini_ossuary
D:8:      layout_rooms, grunt_decor_fettered, corexii_checkpoint_b,
          lemuel_flame_loot_1, uniq_grum
Temple:   mainiacjoe_temple_archimedes_tessellation

Skill      XL: |  1  2  3  4  5  6  7  8  9 |
---------------+----------------------------+-----
Axes           | 3 4 5 6 7 9 11 13 14 | 14.6
Shields        | 4 |  4.0
Fighting       | 5 7 |  7.3
Armour         | 5 7 |  7.3

Action                   |  1- 3 |  4- 6 |  7- 9 | 10-12 || total
-------------------------+-------+-------+-------+-------++-------
Melee: War axe           |   108 |   103 |   260 |     5 ||   476
       Headbutt          |     7 |    18 |    57 |     3 ||    85
  Use: Scroll            |       |     1 |     1 |       ||     2
       Potion            |       |       |     2 |       ||     2
Armor: Scale mail        |    50 |    34 |    30 |       ||   114
       Chain mail        |       |       |    67 |       ||    67
Dodge: Dodged            |    44 |    43 |    85 |     1 ||   173
Block: Buckler           |    20 |    11 |    53 |     1 ||    85

Table legend: (Time is in decaauts)
 A = Elapsed time spent in this place.
 B = Non-inter-level travel time spent in this place.
 C = Inter-level travel time spent in this place.
 D = Time resting spent in this place.
 E = Time spent auto-exploring this place.
 F = Levels seen in this place.
 G = Mean time per level.
                   A        B        C        D        E       F      G
               +--------+--------+--------+--------+--------+-----+--------+
         Total |   9025 |   8643 |    382 |    765 |   6790 |   9 | 1002.8 |
       Dungeon |   8728 |   8430 |    298 |    765 |   6596 |   8 | 1091.0 |
        Temple |    296 |    212 |     84 |      0 |    194 |   1 |  296.0 |
               +--------+--------+--------+--------+--------+-----+--------+

Top non-repeatable levels by time:
     D:7: 1764 daAuts
     D:2: 1463 daAuts
     D:4: 1383 daAuts
     D:6: 1378 daAuts
     D:5: 1244 daAuts
     D:1: 917 daAuts
     D:3: 549 daAuts
  Temple: 296 daAuts
     D:8: 27 daAuts
